 Seeded DCSS version 0.28-a0-1567-g1695149f81 (webtiles) character file.

Game seed: 641 (custom seed)

146 knot the Chopper (level 5, 41/41 HPs)
             Began as a Demonspawn Berserker on Jan 20, 2022.
             Was a Believer of Trog.
             Quit the game on level 3 of the Dungeon.
             The game lasted 00:01:55 (4690 turns).

knot the Chopper (Demonspawn Berserker)             Turns: 4690, Time: 00:01:55

Health: 41/41      AC:  2    Str: 18    XL:     5   Next: 7%
Magic:  5/5        EV: 12    Int: 10    God:    Trog [**....]
Gold:   120        SH:  0    Dex: 18    Spells: 4/4 levels left

rFire   . . .      SeeInvis .   a - +0 hand axe
rCold   . . .      Faith    .   (no shield)
rNeg    . . .      Spirit   .   b - +0 animal skin
rPois   .          Reflect  .   (no helmet)
rElec   .          Harm     .   (no cloak)
rCorr   .          Rampage  .   (no gloves)
Will    .....                   (no boots)
Stlth   ++........              (no amulet)
HPRegen 0.13/turn               n - +6 ring of dexterity
MPRegen 0.09/turn               (no ring)

@: no status effects
A: powered by death 1
a: Renounce Religion, Berserk, Trog's Hand


You were on level 3 of the Dungeon.
You worshipped Trog.
Trog was pleased with you.
You visited 1 branch of the dungeon, and saw 3 of its levels.

You collected 120 gold pieces.

Inventory:

Hand Weapons
 a - a +0 hand axe (weapon)
Missiles
 e - 2 atropa-tipped darts (quivered)
 h - 28 stones
 k - 4 poisoned darts
Armour
 b - a +0 animal skin (worn)
Jewellery
 n - a +6 ring of dexterity (left hand)
Scrolls
 c - a scroll of identify {unknown}
 d - 2 scrolls of immolation {unknown}
 f - a scroll of enchant weapon {unknown}
 i - a scroll of magic mapping {unknown}
 l - a scroll of amnesia {unknown}
Potions
 g - 2 potions of invisibility {unknown}
 j - a potion of haste {unknown}
 m - a potion of heal wounds {unknown}


   Skills:
 - Level 3.0 Fighting
 + Level 5.3 Axes
 - Level 1.7 Armour
 - Level 1.7 Dodging


You had 4 spell levels left.
You didn't know any spells.
Your spell library contained the following spells:

 Spells                   Type           Power      Damage    Failure   Level
 Call Canine Familiar     Summ           0%         N/A       75%         3
 Portal Projectile        Hex/Tloc       0%         N/A       75%         3
 Leda's Liquefaction      Hex/Erth       0%         N/A       98%         4


Dungeon Overview and Level Annotations

Branches:
Dungeon (3/15)

Altars:
Qazlal


Innate Abilities, Weirdness & Mutations

You regenerate a little health from kills.


Message History

The orc is almost dead.
You slash the orc priest!
You kill the orc priest!
Trog accepts your kill. The orc completely misses you.
You have reached level 5!
You slash the orc!
You kill the orc!
Trog accepts your kill.
You hit the orc. You closely miss the orc.
The orc is severely wounded.
You are no longer berserk.
You are exhausted.
You feel yourself slow down. The orc closely misses you.
You hit the orc.
The orc is almost dead.
The orc closely misses you. The orc hits you with a +0 club.
You hit the orc but do no damage.
The orc is almost dead.
The orc misses you.
You barely miss the orc.
The orc is almost dead.
The orc barely misses you. x2
You slash the orc!
You kill the orc!
Trog accepts your kill.
You start resting.
You feel yourself speed up.
You start resting.
You recover from your berserk rage.
You start resting.
You start resting.
HP restored.
You start waiting.
You start waiting.
Done waiting.
Unknown command.
Unknown command.
Are you sure you want to abandon this character and quit the game? (Confirm with "yes".)

.# # #..#....###.# .#
#.##.##..##.# .###
##. #.###^##.# ...#
#.. #.# #....#
<#....# #. #.#
####.### #####..# #.
##.#### #...# # .# #
#. #.....# #...# #
....##)##..÷..#######
# ......)@.........#
#########.....##.#
#........# #........#
#....⌠...# ###.....##
###...# ###


There were no monsters in sight!

Vanquished Creatures
  An orc priest (D:3)
  An orc wizard (D:3)
  3 adders (D:2)
  A dart slug (D:2)
  6 orcs (D:3)
  4 bats
  6 endoplasms
  4 giant cockroaches
  3 goblins
  4 hobgoblins
  5 kobolds
  2 quokkas
  7 ball pythons
  2 frilled lizards
  3 rats
52 creatures vanquished.

Notes
Turn   | Place    | Note
-------+----------+-------------------------------------------
     0 | D:1      | knot the Demonspawn Berserker began the quest for the Orb.
     0 | D:1      | Reached XP level 1. HP: 18/18 MP: 1/1
   452 | D:1      | Reached skill level 3 in Axes
   703 | D:1      | Gained mutation: You regenerate a little health from kills.
                  | [demonic ancestry]
   703 | D:1      | Reached XP level 2. HP: 24/24 MP: 2/2
   843 | D:1      | Found a faded altar of an unknown god.
  1954 | D:2      | Reached XP level 3. HP: 18/29 MP: 3/3
  2471 | D:2      | Reached skill level 4 in Axes
  3025 | D:2      | Reached ** piety under Trog
  3429 | D:2      | Reached XP level 4. HP: 17/35 MP: 4/4
  4304 | D:3      | Found a stormy altar of Qazlal.
  4377 | D:3      | Reached skill level 5 in Axes
  4382 | D:3      | Reached XP level 5. HP: 26/41 MP: 5/5
  4690 | D:3      | Quit the game

Illustrated notes

Levels and vault maps discovered:
D:1:      dpeg_arrival_round_b, layout_loops_corners,
          hellmonk_ecumenical_altar_heavens_door
D:2:      layout_loops_ring
D:3:      layout_rooms, nicolae_qazlal_eye_of_the_storm,
          hangedman_feature_mirror

Skill      XL: |  1  2  3  4 |
---------------+-------------+-----
Axes           | 3 4 5 |  5.3
Fighting       | |  3.0
Armour         | |  1.7
Dodging        | |  1.7

Action                   |  1- 3 |  4- 6 || total
-------------------------+-------+-------++-------
Melee: Hand axe          |   131 |    36 ||   167
Throw: Dart              |     1 |       ||     1
Invok: Berserk           |     2 |     2 ||     4
 Stab: Sleeping          |     2 |       ||     2
Armor: Animal skin       |    19 |     2 ||    21
Dodge: Dodged            |    86 |    16 ||   102

Table legend: (Time is in decaauts)
 A = Elapsed time spent in this place.
 B = Non-inter-level travel time spent in this place.
 C = Inter-level travel time spent in this place.
 D = Time resting spent in this place.
 E = Time spent auto-exploring this place.
 F = Levels seen in this place.
 G = Mean time per level.
                   A        B        C        D        E       F      G
               +--------+--------+--------+--------+--------+-----+--------+
         Total |   4743 |   4691 |     52 |   2159 |   2164 |   3 | 1581.0 |
       Dungeon |   4743 |   4691 |     52 |   2159 |   2164 |   3 | 1581.0 |
               +--------+--------+--------+--------+--------+-----+--------+

Top non-repeatable levels by time:
     D:1: 2131 daAuts
     D:2: 1845 daAuts
     D:3: 767 daAuts
